 Dungeon Crawl Stone Soup version 0.31-a0-358-gac0dbeb3ab (webtiles) character file.

Game seed: 10743876889117026908

9705 RepHenryClay the Cleaver (level 11, -2/86 HPs)
             Began as an Armataur Fighter on July 25, 2023.
             Was a Priest of Okawaru.
             Slain by a caustic shrike simulacrum (30 damage)
             ... on level 2 of the Abyss.
             The game lasted 00:17:23 (11934 turns).

RepHenryClay the Cleaver (Armataur Fighter)        Turns: 11934, Time: 00:17:24

Health: -2/86      AC: 23    Str: 22    XL:     11   Next: 26%
Magic:  12/14      EV:  7    Int:  8    God:    Okawaru [***...]
Gold:   250        SH:  6    Dex: 14    Spells: 10/10 levels left

rFire   . . .        h - +0 hand axe (elec)
rCold   . . .        c - +0 buckler
rNeg    + . .        D - +2 plate armour {rN+}
rPois   .            b - +0 helmet
rElec   .            (no cloak)
rCorr   .            (no gloves)
SInv    .            (no barding)
Will    .....        (no amulet) Stlth
                     s - +4 ring of protection
HPRegen 0.34/turn    (no ring)
MPRegen 0.14/turn

%: roll
@: heroic
A: large, rugged brown scales 3, deformed body, armoured tail, roll, long
tongue, awkward tongue
a: Renounce Religion, Heroism


You were on level 2 of the Abyss.
You worshipped Okawaru.
Okawaru was most pleased with you.
You visited 2 branches of the dungeon, and saw 10 of its levels.
You visited the Abyss 1 time.

You collected 512 gold pieces.
You spent 262 gold pieces at shops.

Inventory:

Hand Weapons
 a - a +0 war axe
 h - a +0 hand axe of electrocution (weapon)
 n - a +1 halberd of venom
 A - a +2 whip of draining
 E - a +0 war axe of flaming
Missiles
 y - 2 throwing nets
Armour
 b - a +0 helmet (worn)
 c - a +0 buckler (worn)
 z - +0 acid dragon scales
 D - a +2 plate armour of positive energy (worn)
Jewellery
 o - a ring of magical power
 s - a +4 ring of protection (left hand)
Wands
 d - a wand of flame (13)
 g - a wand of mindburst (8)
 m - a wand of charming (10)
 G - a wand of roots (9)
Scrolls
 f - a scroll of amnesia
 i - 2 scrolls of blinking
 k - 4 scrolls of identify {@r1}
 l - 4 scrolls of fog
 q - 2 scrolls of noise
 r - a scroll of butterflies
 t - a scroll of revelation {unknown}
 u - a scroll of enchant armour {unknown}
 v - a scroll of vulnerability {unknown}
Potions
 e - a potion of curing
 j - 2 potions of lignification
 w - 2 potions of ambrosia
 x - a potion of enlightenment {unknown}
 B - a potion of mutation {unknown}
 C - 2 potions of magic {unknown}
 F - a potion of berserk rage {unknown}
 H - 2 potions of degeneration {unknown}


   Skills:
 - Level 2.6(7.6) Fighting
 + Level 12.0(17.0) Axes
 + Level 11.9(16.9) Armour
 - Level 3.2(8.2) Shields
 - Level 5.0 Invocations


You had 10 spell levels left.
You didn't know any spells.
Your spell library contained the following spells:

 Spells                   Type           Power      Damage    Failure   Level
 Vhi's Electric Charge    Tloc/Air       0%         N/A       100%        3
 Arcjolt                  Conj/Air       0%         1d10      100%        5
 Plasma Beam              Fire/Air       0%         2x1d10    100%        6
 Summon Small Mammal      Summ           Unusable   N/A       N/A         1
 Call Canine Familiar     Summ           Unusable   N/A       N/A         3
 Summon Guardian Golem    Hex/Summ       Unusable   N/A       N/A         3

Dungeon Overview and Level Annotations

Branches:
Dungeon (9/15)             Temple (1/1) D:7            Lair (0/5) D:8
    Orc (0/2) D:9

Altars:
Ashenzari
Cheibriados
Dithmenos
Fedhas
Gozag
Hepliaklqana
Kikubaaqudgha
Nemelex Xobeh
Okawaru
Qazlal
Ru
Sif Muna
Trog
Uskayaw
Vehumet
Wu Jian
Xom
Yredelemnul
Zin
The Shining One

Shops:
D:5 ?   D:7 [

Annotations:
D:2 1 runed translucent door, Crazy Yiuf
D:4 exclusion: statue
D:7 unfinished


Innate Abilities, Weirdness & Mutations

You are completely covered in rugged brown scales. (AC +3, +7% HP)
Armour fits poorly on your strangely shaped body.
You have a long armoured tail.
You roll when moving toward enemies. (Rampage)
Your long tongue fully drains potion bottles. (2x potion effects)
Your tongue gives you trouble enunciating. (1.5x scroll delay)


Message History

You hit the chaos spawn but do no damage.
You tail-slap the chaos spawn.
The chaos spawn is almost dead.
You are suddenly pulled into a different region of the Abyss!
Found a gateway leading deeper into the Abyss.
Unknown command.
A caustic shrike simulacrum comes into view.
Okay, then.
Okay, then.
Aiming: Throw Flame
Press: ? - help, Shift-Dir - straight line, f - caustic shrike simulacrum
Aim: a caustic shrike simulacrum (56% to hit)
The puff of flame hits the caustic shrike simulacrum!
The caustic shrike simulacrum melts!
The caustic shrike simulacrum is lightly damaged.
You gain the combat prowess of a mighty hero.
The caustic shrike simulacrum claws you but does no damage.
You block the caustic shrike simulacrum's attack.
You slash the caustic shrike simulacrum!
Your tail-slap misses the caustic shrike simulacrum.
The caustic shrike simulacrum is moderately damaged.
You block the caustic shrike simulacrum's attack.
You barely miss the caustic shrike simulacrum.
The caustic shrike simulacrum is moderately damaged.
The caustic shrike simulacrum claws you but does no damage.
You hit the caustic shrike simulacrum but do no damage.
The caustic shrike simulacrum is moderately damaged.
You block the caustic shrike simulacrum's attack.
You hit the caustic shrike simulacrum but do no damage.
Lightning courses through the caustic shrike simulacrum!
Your tail-slap misses the caustic shrike simulacrum.
The caustic shrike simulacrum is heavily damaged.
The caustic shrike simulacrum completely misses you.
Unknown command.
You barely miss the caustic shrike simulacrum.
The caustic shrike simulacrum is heavily damaged.
The caustic shrike simulacrum claws you!
* * * LOW HITPOINT WARNING * * *
The caustic shrike simulacrum freezes you!!
You die...

.# ###. ... .. ..
#.. # # ##.. # ..
##.#.## ..##.#.#
#.@#.#.#..#.# .
#.#Z##.#.##.# #
####.#..#. .#
#.#..# #...# .
##. #.>.
#..#..#......#...
#.###..# ## # ...
.#....###..#. .
...##..#.#. ....
#..# . .#...#. .


You could see a caustic shrike simulacrum.

Vanquished Creatures
  A catoblepas (D:8)
  3 death yaks (D:8)
  A thrashing horror (Abyss:2)
  An ugly thing (D:8)
  A cyclops (D:8)
  A hornet (D:8)
  A wyvern (D:8)
  Sigmund (D:2)
  A shadow (D:6)
  4 yaks (D:8)
  3 steam dragons
  Menkaure (D:4)
  An acid dragon (D:8)
  A water moccasin (D:7)
  Duvessa (D:5)
  A black bear (D:5)
  2 orc warriors
  2 sky beasts (D:7)
  An ice beast (D:7)
  5 ogres (D:5)
  3 phantoms
  4 kobold brigands
  Blork the orc (D:5)
  3 bullfrogs
  2 gnoll sergeants (D:7)
  3 scorpions
  10 wights
  Dowan (D:5)
  9 killer bees
  2 jellies
  5 hounds
  6 orc priests
  2 sleepcaps
  Jessica (D:3)
  4 iguanas
  7 orc wizards
  Natasha (thrice) (D:4)
  Robin (D:2)
  8 gnolls
  8 adders
  2 shadow imps (D:7)
  A white imp (D:5)
  A worm (D:2)
  34 orcs
  8 bats
  5 endoplasms
  7 giant cockroaches
  19 goblins
  7 hobgoblins
  7 jackals
  4 quokkas
  6 ball pythons
  2 frilled lizards (D:1)
  12 kobolds
  7 rats
238 creatures vanquished.

Vanquished Creatures (others)
  A wizard (D:6)
  A jelly (D:7)
2 creatures vanquished.

Grand Total: 240 creatures vanquished

Notes
Turn   | Place    | Note
-------+----------+-------------------------------------------
     0 | D:1      | RepHenryClay the Armataur Fighter began the quest for the
                  | Orb.
     0 | D:1      | Reached XP level 1. HP: 19/19 MP: 1/1
    91 | D:1      | Reached skill level 2 in Axes
   101 | D:1      | Reached XP level 2. HP: 23/26 MP: 2/2
   517 | D:1      | Reached XP level 3. HP: 29/32 MP: 3/3
   859 | D:2      | Found a runed translucent door.
   860 | D:2      | Noticed Crazy Yiuf
   915 | D:2      | Reached skill level 3 in Axes
   943 | D:2      | Noticed Robin
   950 | D:2      | Killed Robin
  1222 | D:2      | Reached XP level 4. HP: 30/39 MP: 4/4
  1686 | D:2      | Noticed Sigmund
  1694 | D:2      | Killed Sigmund
  1695 | D:2      | Reached skill level 5 in Axes
  1695 | D:2      | Reached XP level 5. HP: 44/44 MP: 5/5
  1952 | D:3      | Reached XP level 6. HP: 51/53 MP: 6/6
  1969 | D:3      | Found a shimmering altar of Xom.
  2019 | D:3      | Found a faded altar of an unknown god.
  2019 | D:3      | Noticed Jessica
  2021 | D:3      | Killed Jessica
  2025 | D:3      | Found a hide-covered altar of Uskayaw.
  2528 | D:3      | Found a broken altar of Ashenzari.
  3188 | D:4      | Reached skill level 6 in Axes
  3556 | D:4      | Reached XP level 7. HP: 50/59 MP: 7/7
  3704 | D:4      | Noticed Menkaure
  3706 | D:4      | Found an opulent altar of Gozag.
  3711 | D:4      | Killed Menkaure
  3712 | D:4      | Reached skill level 7 in Axes
  3720 | D:4      | Noticed Natasha
  3727 | D:4      | Killed Natasha
  3831 | D:4      | Noticed Natasha
  3839 | D:4      | Killed Natasha
  4162 | D:4      | Noticed Natasha
  4173 | D:4      | Killed Natasha
  4378 | D:4      | Found a radiant altar of Vehumet.
  4483 | D:5      | Entered Level 5 of the Dungeon
  4649 | D:5      | Reached skill level 8 in Axes
  4649 | D:5      | Reached XP level 8. HP: 43/66 MP: 8/8
  4754 | D:5      | Noticed Dowan
  4755 | D:5      | Noticed Duvessa
  4787 | D:5      | Killed Duvessa
  4788 | D:5      | Killed Dowan
  5035 | D:5      | Noticed Blork the orc
  5043 | D:5      | Killed Blork the orc
  5095 | D:5      | Found Jiococ's Magic Scroll Boutique.
  5103 | D:5      | Bought a scroll of fog for 40 gold pieces
  5103 | D:5      | Bought a scroll of identify for 20 gold pieces
  5103 | D:5      | Bought a scroll of identify for 20 gold pieces
  5103 | D:5      | Bought a scroll of noise for 10 gold pieces
  5103 | D:5      | Bought a scroll of identify for 20 gold pieces
  5103 | D:5      | Bought a scroll of butterflies for 40 gold pieces
  5154 | D:5      | Reached skill level 9 in Axes
  5451 | D:5      | Found an ornate altar of the Wu Jian Council.
  5501 | D:5      | Reached skill level 5 in Armour
  5620 | D:5      | Found a glowing golden altar of the Shining One.
  5826 | D:6      | Found a basalt altar of Yredelemnul.
  6017 | D:6      | Reached XP level 9. HP: 62/72 MP: 9/9
  6075 | D:6      | Found a bloodstained altar of Trog.
  6076 | D:6      | Noticed a wizard
  6082 | D:6      | Killed a wizard
  6722 | D:7      | Reached skill level 10 in Axes
  6892 | D:7      | Found Cuklya's Antique Armour Emporium.
  7905 | D:7      | Bought a helmet for 112 gold pieces
  8390 | D:7      | Reached XP level 10. HP: 73/79 MP: 10/10
  8500 | D:7      | Found a staircase to the Ecumenical Temple.
  8541 | Temple   | Entered the Ecumenical Temple
  8564 | Temple   | Became a worshipper of Warmaster Okawaru
  8923 | D:8      | Noticed a death yak
  8923 | D:8      | Noticed a death yak
  8988 | D:7      | Reached skill level 1 in Invocations
  9645 | D:8      | Found a glowing silver altar of Zin.
  9679 | D:8      | Reached * piety under Okawaru
  9917 | D:8      | Noticed a cyclops
  9918 | D:8      | Noticed a brown ugly thing
  9920 | D:8      | Noticed a catoblepas
  9932 | D:8      | Killed a cyclops
  9933 | D:8      | Reached skill level 5 in Invocations
  9962 | D:8      | Killed a brown ugly thing
 10164 | D:8      | Killed a catoblepas
 10165 | D:8      | Reached skill level 11 in Axes
 10165 | D:8      | Reached skill level 10 in Armour
 10217 | D:8      | Noticed a death yak
 10232 | D:8      | Killed a death yak
 10232 | D:8      | Reached ** piety under Okawaru
 10238 | D:8      | Killed a death yak
 10258 | D:8      | Killed a death yak
 10258 | D:8      | Reached *** piety under Okawaru
 10259 | D:8      | Reached XP level 11. HP: 54/86 MP: 14/14
 10273 | D:8      | Found a staircase to the Lair.
 10557 | D:8      | Paralysed by a hornet for 3 turns
 11745 | D:9      | Found a hazy altar of Hepliaklqana.
 11746 | D:9      | Found a staircase to the Orcish Mines.
 11783 | D:9      | Noticed a wizard
 11793 | D:9      | Noticed a wizard
 11797 | Abyss:2  | Cast into level 2 of the Abyss (a wizard)
 11798 | Abyss:2  | Found a corrupted altar of Lugonu.
 11877 | Abyss:2  | Found a corrupted altar of Lugonu.
 11877 | Abyss:2  | Noticed a thrashing horror
 11903 | Abyss:2  | Killed a thrashing horror
 11904 | Abyss:2  | Reached skill level 12 in Axes
 11934 | Abyss:2  | Slain by a caustic shrike simulacrum

Illustrated notes

Levels and vault maps discovered:
D:1:      minmay_arrival_hallway, layout_basic, serial_forest,
          infiniplex_forest_straight_4, infiniplex_forest_clump_curved,
          infiniplex_forest_end_double, infiniplex_forest_lined_corner,
          infiniplex_forest_clump_tiny
D:2:      layout_loops_corners, minmay_door_square, kennysheep_potato,
          uniq_crazy_yiuf_cottage, uniq_robin, uniq_sigmund
D:3:      layout_basic, nicolae_overflow_ecumenical_swirl,
          mainiacjoe_overflow_boulevard, mainiacjoe_overflow_alcove_1,
          uniq_jessica
D:4:      layout_cave_pools, mainiacjoe_overflow_catwalk, vehumet_statue,
          nicolae_titane, uniq_menkaure, uniq_natasha
D:5:      nicolae_cairo_tiling_large, layout_gridville, general_overflow_altar,
          nzn_wu_jian_council_hall, gup_sewer_entry_glass, serial_shops, shop,
          uniq_blork_the_orc, uniq_duvessa
D:6:      layout_basic, trog_wizard, old_standard_altar, hex_intersection
D:7:      minmay_octagon_keep, layout_basic, minmay_temple_entry_overgrown,
          serial_shops, nicolae_inconvenience_store, grunt_ministairs_4
D:8:      minmay_cornered_nines, layout_layer_cave, mainiacjoe_overflow_paths,
          dpeg_lair_monsters, serial_glass, glass_columns_b, glass_columns_b,
          st_stairs_14
D:9:      minmay_the_grid_net [minmay_the_grid_broken_lines,
          minmay_the_grid_spin_star, minmay_the_grid_square_x,
          minmay_the_grid_minigrid_small, minmay_the_grid_gridbox,
          minmay_the_grid_prize_diamond_cup], layout_irregular_city,
          mainiacjoe_overflow_tiny_flanked, orc_0_dummy, uniq_erica
Temple:   nicolae_temple_bog_church
Abyss:2:  base: Sewer, base: D:3, hangedman_abyss_sting

Skill      XL: |  1  2  3  4  5  6  7  8  9 10 11 |
---------------+----------------------------------+-----
Axes           | 2 3 5 6 8 9 10 11 12 | 12.0
Armour         | 5 9 11 | 11.9
Invocations    | 5 |  5.0
Fighting       | |  2.6
Shields        | |  3.2

Action                     |  1- 3 |  4- 6 |  7- 9 | 10-12 || total
---------------------------+-------+-------+-------+-------++-------
  Melee: War axe           |    90 |   120 |     8 |       ||   218
         Tailslap          |     2 |     8 |    54 |    40 ||   104
         Hand axe          |       |       |   336 |   259 ||   595
 Invoke: Heroism           |       |       |       |     5 ||     5
  Evoke: Wand              |       |       |     3 |     6 ||     9
    Use: Potion            |     4 |       |     6 |     3 ||    13
         Scroll            |       |       |     8 |     4 ||    12
   Stab: Petrified         |       |       |       |    17 ||    17
 Armour: Scale mail        |    53 |    49 |   105 |       ||   207
         Skin              |    11 |       |       |       ||    11
         Plate armour      |       |       |    32 |   178 ||   210
  Dodge: Dodged            |    44 |    35 |    95 |    57 ||   231
  Block: Buckler           |    32 |    27 |    83 |    57 ||   199

Table legend: (Time is in decaauts)
 A = Elapsed time spent in this place.
 B = Non-inter-level travel time spent in this place.
 C = Inter-level travel time spent in this place.
 D = Time resting spent in this place.
 E = Time spent auto-exploring this place.
 F = Levels seen in this place.
 G = Mean time per level.
                   A        B        C        D        E       F      G
               +--------+--------+--------+--------+--------+-----+--------+
         Total |  11888 |  11384 |    504 |   1785 |   7808 |  11 | 1080.7 |
       Dungeon |  11711 |  11252 |    459 |   1785 |   7808 |   9 | 1301.2 |
        Temple |     46 |      2 |     44 |      0 |      0 |   1 |   46.0 |
         Abyss |    130 |    130 |      0 |      0 |      0 |   1 |  130.0 |
               +--------+--------+--------+--------+--------+-----+--------+

Top non-repeatable levels by time:
     D:7: 3125 daAuts
     D:8: 1906 daAuts
     D:3: 1494 daAuts
     D:4: 1220 daAuts
     D:5: 1216 daAuts
     D:2: 1187 daAuts
     D:6: 754 daAuts
     D:1: 750 daAuts
 Abyss:2: 130 daAuts
     D:9: 54 daAuts
  Temple: 46 daAuts
